 Dungeon Crawl Stone Soup version 0.31.0-11-ge490571c62 (webtiles) character file.

Game seed: 14056570500461997423

134259 babelphish the Geomancer (level 17, 0/92 HPs)
             Began as a Gargoyle Earth Elementalist on Feb 2, 2024.
             Was the Champion of Hepliaklqana.
             Shot with an arrow by a naga sharpshooter (10 damage)
             ... on level 3 of the Snake Pit on Feb 3, 2024.
             The game lasted 03:28:45 (36752 turns).

babelphish the Geomancer (GrEE)                    Turns: 36752, Time: 03:28:45

Health: 0/92       AC: 29    Str: 14    XL:     17   Next: 16%
Magic:  15/39      EV: 26    Int: 20    God:    Hepliaklqana [******]
Gold:   2828       SH:  6    Dex: 13    Spells: 11/34 levels left

rFire   . . .        N - +8 long sword of Famine {freeze, Will+++ Int-2}
rCold   + . .        l - +0 buckler
rNeg    + . .        z - +1 scale mail "Sul Xije" {rC+ rCorr Dex+3}
rPois   ∞            V - +1 hat
rElec   +            u - +0 cloak {Will+}
rCorr   +            L - +2 pair of gloves
SInv    .            M - +0 pair of boots
Will    +++++        f - amulet of the acrobat
Stlth   ++++         c - ring of magical power
HPRegen 0.35/turn    A - ring of wizardry
MPRegen 0.26/turn

%: acrobat, wizardry (x1)
@: acrobatic, flying, hasted, very quick
A: reduced essence, sickness immunity, AC +12, big wings, negative energy
resistance 1, electricity resistance, torment resistance 1, petrification
resistance
a: Renounce Religion, Recall Ancestor, Ancestor Identity, Transference, Idealise


You were on level 3 of the Snake Pit.
You worshipped Hepliaklqana.
Hepliaklqana was exalted by your worship.
You visited 4 branches of the dungeon, and saw 25 of its levels.

You collected 2884 gold pieces.
You spent 56 gold pieces at shops.

Inventory:

Hand Weapons
 C - the +8 short sword of Doom {flame, rN+ Str+5 Int+3}
   (You found it on level 5 of the Dungeon)

   Str+5:     It affects your strength (+5).
   Int+3:     It affects your intelligence (+3).
   rN+:       It protects you from negative energy.
 N - the +8 long sword of Famine (weapon) {freeze, Will+++ Int-2}
   (You found it on level 11 of the Dungeon)

   Int-2:     It affects your intelligence (-2).
   Will+++:   It greatly increases your willpower.
Missiles
 o - 11 datura-tipped darts
 s - 2 curare-tipped darts
 I - 6 throwing nets
Armour
 l - a +0 buckler (worn)
 u - a +0 cloak of willpower (worn)
 w - a +2 tower shield of protection
 z - the +1 scale mail "Sul Xije" (worn) {rC+ rCorr Dex+3}
   (You found it on level 1 of the Snake Pit)

   Dex+3:     It affects your dexterity (+3).
   rC+:       It protects you from cold.
   rCorr:     It protects you from acid and corrosion.
 L - a +2 pair of gloves (worn)
 M - a +0 pair of boots (worn)
 O - +1 acid dragon scales
 V - a +1 hat (worn)
Jewellery
 c - a ring of magical power (left hand)
 f - an amulet of the acrobat (around neck)
 k - a ring of fire
 A - a ring of wizardry (right hand)
 Q - a ring of see invisible
 R - a ring of protection from cold
 X - an amulet of reflection
Wands
 j - a wand of quicksilver (4)
 D - a wand of mindburst (22)
 E - a wand of polymorph (12)
 H - a wand of flame (37)
Scrolls
 b - 3 scrolls of identify
 e - 6 scrolls of fear
 m - 5 scrolls of noise
 p - 3 scrolls of fog
 v - 4 scrolls of vulnerability
 x - 6 scrolls of teleportation
 y - 3 scrolls of revelation
 B - 3 scrolls of amnesia
 J - 3 scrolls of immolation
 K - 8 scrolls of enchant weapon
 P - 4 scrolls of poison
Potions
 a - 4 potions of might
 d - 2 potions of attraction
 h - 3 potions of resistance
 i - a potion of mutation
 n - 2 potions of lignification
 q - 6 potions of ambrosia
 r - a potion of haste
 t - 13 potions of curing
 F - 3 potions of magic
 G - 6 potions of enlightenment
 U - a potion of berserk rage
 W - 2 potions of cancellation
 Y - 2 potions of brilliance
Miscellaneous
 S - a phial of floods (inert)
 T - a tin of tremorstones (2/2)
 Z - a box of beasts (inert)


   Skills:
 - Level 10.6 Fighting
 - Level 7.6(7.9) Short Blades
 - Level 3.2(5.8) Long Blades
 - Level 9.5 Armour
 - Level 5.0 Dodging
 - Level 12.7 Stealth
 * Level 10.7 Shields
 - Level 9.3 Spellcasting
 - Level 12.3 Conjurations
 - Level 14.2 Earth Magic
 - Level 7.2 Alchemy
 - Level 8.2 Invocations


You had 11 spell levels left.
You knew the following spells:

 Your Spells              Type           Power      Damage    Failure   Level
b - Passwall              Erth           60%        N/A       1%          3
c - Stone Arrow           Conj/Erth      100%       3d13      1%          3
d - Brom's Barrelling Bo  Conj/Erth      58%        2d7       1%          4
e - Petrify               Alch/Erth      51%        N/A       1%          4
f - Fulminant Prism       Conj/Alch      24%        3d12      2%          4
g - Irradiate             Conj/Alch      24%        3d19      6%          5

Your spell library contained the following spells:

 Spells                   Type           Power      Damage    Failure   Level
 Foxfire                  Conj/Fire      100%       2x1d9     1%          1
 Magic Dart               Conj           100%       1d8       1%          1
 Sandblast                Erth           100%       2d20      1%          1
 Shock                    Conj/Air       100%       1d9       1%          1
 Momentum Strike          Conj/Tloc      66%        3d9       1%          2
 Searing Ray              Conj           100%       2d8       1%          2
 Leda's Liquefaction      Alch/Erth      25%        N/A       1%          4
 Dazzling Flash           Conj/Hex       66%        N/A       3%          3
 Flame Wave               Conj/Fire      33%        2d10      10%         4
 Iskenderun's Mystic Bla  Conj/Tloc      33%        2d8       10%         4
 Blink                    Tloc           18%        N/A       17%         2
 Lesser Beckoning         Tloc           18%        N/A       17%         2
 Sticky Flame             Fire/Alch      23%        2d6       26%         4
 Frozen Ramparts          Ice            18%        1d3       32%         3
 Inner Flame              Hex/Fire       9%         N/A       32%         3
 Swiftness                Air            9%         N/A       32%         3
 Tukima's Dance           Hex            9%         N/A       32%         3
 Volatile Blastmotes      Fire/Tloc      18%        2d11      32%         3
 Airstrike                Air            4%         2d(1-17)  71%         4
 Dimensional Bullseye     Hex/Tloc       4%         N/A       71%         4
 Dispel Undead            Necr           9%         3d8       71%         4
 Martyr's Knell           Necr/Summ      9%         N/A       71%         4
 Starburst                Conj/Fire      16%        6d6       80%         6
 Metabolic Englaciation   Hex/Ice        4%         N/A       96%         5
 Death Channel            Necr           4%         N/A       100%        6
 Plasma Beam              Fire/Air       4%         2x1d14    100%        6
 Maxwell's Capacitive Co  Air            4%         ∞         100%        8
 Cigotuvi's Dreadful Rot  Necr/Alch/Air  Unusable   N/A       N/A         2
 Sublimation of Blood     Necr           Unusable   N/A       N/A         2

Dungeon Overview and Level Annotations

Branches:
Dungeon (15/15)            Temple (0/1) D:6            Lair (5/5) D:11
 Shoals (0/4) Lair:2        Snake (3/4) Lair:3        Slime (0/5) Lair:4
    Orc (2/2) D:9             Elf (0/3) Orc:2        Vaults (0/5) D:13
 Depths (0/4) D:15

Altars:
Ashenzari
Cheibriados
Dithmenos
Gozag
Hepliaklqana
Sif Muna
Wu Jian
Xom
Yredelemnul

Shops:
D:3 *   D:7 (   Orc:2 ?!(=*

Portals:
Pandemonium: Orc:2

Annotations:
D:14 1 exclusion
Lair:1 2 transporters, RancidPinata's ghost, journeyman OpDe


Innate Abilities, Weirdness & Mutations

Your life essence is reduced to manifest your ancestor. (-10% HP)
You are immune to sickness and miasma.
Your stone body is resilient. (AC +12)
You are immune to poison.
Your large and strong wings let you fly.
You resist negative energy. (rN+)
You are resistant to electric shocks. (rElec)
You are resistant to unholy torment.
You are immune to petrification.


Message History

Your larval fireox beast's corpse disappears in a puff of smoke!
The mana viper bites you!
* * * LOW HITPOINT WARNING * * *
You feel your power leaking away. The naga warrior spits poison at you.
The splash of poison hits you but does no damage.
You resist. The mana viper bites you!
* * * LOW HITPOINT WARNING * * *
You feel your power leaking away.
A nagaraja comes into view. It is wielding a +0 club.
Your surroundings suddenly seem different. 2 naga sharpshooters and 3 nagas come into view.
Found a scroll of identify.
The naga sharpshooter shouts! x2; You hear a shout!
A naga mage comes into view. It is wielding a +0 whip.
The nagaraja moves out of view.
The naga shouts!
You hear a shout!
You feel yourself speed up.
The naga shouts!
The naga sharpshooter unwields a +0 flail.
The naga sharpshooter wields a +0 longbow.
The naga sharpshooter gestures wildly while chanting.
The naga shouts!
The naga sharpshooter shoots an arrow.
The arrow completely misses you.
The naga sharpshooter unwields a +0 hand axe.
The naga sharpshooter wields a +0 shortbow.
The naga sharpshooter gestures wildly while chanting.
The naga sharpshooter magically shoots an arrow.
The arrow closely misses you. The naga spits poison at you.
The splash of poison hits you but does no damage.
You resist.
Ealamassi is recalled.
The naga sharpshooter shoots an arrow.
Ealamassi blocks the arrow.
Ealamassi barely misses the naga sharpshooter.
The naga sharpshooter shoots an arrow.
Ealamassi blocks the arrow.
The naga sharpshooter gestures wildly while chanting.
The naga sharpshooter magically shoots an arrow.
The arrow hits you!
You die...

#......#.....#
....N.......#
.....?......
.....NN....
....N...#
###...NN..#
###....R...#
...##.......#
#......@....#
.###.......##
#.......#
#......##
########


You could see the friendly Ealamassi the knight, 2 naga sharpshooters and 3
nagas.

Vanquished Creatures
  Kirke (D:12)
  Louise (Snake:3)
  2 orc warlords
  The ghost of mkat the Carver, a journeyman GnBe of Trog (Orc:1)
  A stone giant (D:15)
  5 slime creatures
  5 hydras
  Harold (D:9)
  A vault guard (D:13)
  Erica (D:9)
  An ogre mage (D:15)
  2 catoblepae
  A demonspawn (Orc:2)
  2 anacondas
  A deep troll shaman (Lair:5)
  2 centaur warriors
  The ghost of MiniGinger the Grappler, a novice DrSh of Qazlal (D:9)
  2 naga warriors (Snake:3)
  4 two-headed ogres
  3 boulder beetles
  6 death yaks
  A tengu warrior (D:15)
  3 naga sharpshooters
  3 orc high priests (Orc:2)
  A skyshark (Lair:4)
  3 shock serpents
  6 skeletal warriors
  A lindwurm (Lair:5)
  4 mana vipers
  3 orc knights (Orc:2)
  A deep elf pyromancer (D:13)
  A necromancer (Orc:1)
  4 orc sorcerers
  An oklob plant (Lair:5)
  5 manticores
  A cyclops (D:11)
  3 salamanders
  13 elephants
  2 ugly things
  2 guardian serpents (Snake:3)
  2 naga magi
  18 black mambas
  A merfolk siren (Lair:2)
  2 torpor snails (Lair:5)
  The ghost of Strat the Poker, a novice MfCj (D:5)
  A gargoyle (D:14)
  An ice statue (D:9)
  8 cane toads
  An unseen horror (D:12)
  2 rime drakes
  A kobold demonologist (D:11)
  An efreet (D:13)
  6 komodo dragons
  3 tengu conjurers
  3 merfolk (Lair:2)
  A queen bee (shapeshifter) (D:13)
  A queen bee (Lair:2)
  5 trolls
  A polar bear (Lair:2)
  A hornet (D:11)
  16 blink frogs
  An ettin zombie (Orc:1)
  2 wyverns
  2 wraiths (D:12)
  A shadow (D:9)
  48 yaks
  6 basilisks
  3 wargs (Orc:1)
  2 unseen horror simulacra
  3 steam dragons
  5 vampire mosquitoes (D:13)
  Grum (D:9)
  12 nagas
  Edmund (D:6)
  5 acid dragons
  8 water moccasins
  Duvessa (D:6)
  22 orc warriors
  2 ice beasts
  3 black bears
  4 laughing skulls (D:14)
  8 ogres
  32 wolves
  9 centaurs
  A phantom (D:4)
  A weeping skull (D:9)
  5 bullfrogs
  5 kobold brigands
  3 scorpions
  39 killer bees
  3 electric eels
  2 howler monkeys
  2 lava snakes (Lair:3)
  24 orc priests
  3 hounds
  5 jellies
  18 orc wizards
  A sleepcap (D:6)
  An iguana (D:6)
  4 hell rats
  3 centaur simulacra
  16 gnolls
  5 adders
  An orc zombie (Orc:1)
  A river rat (Lair:2)
  A shadow imp (D:5)
  3 white imps
  7 ufetubi
  A dart slug (D:4)
  A ribbon worm (D:4)
  79 orcs
  6 endoplasms
  5 giant cockroaches
  6 goblins
  7 hobgoblins
  7 jackals
  4 quokkas
  8 ball pythons
  9 bats
  4 frilled lizards
  11 kobolds
  4 rats
  A spectral orc (D:9)
  A boulder (D:13)
  3 fulminant prisms
670 creatures vanquished.

Vanquished Creatures (collateral kills)
  Roxanne (D:14)
  A nagaraja (Snake:3)
  A fire dragon (D:15)
  Erolcha (D:13)
  2 centaur warriors (D:14)
  A catoblepas (Lair:2)
  An anaconda (Snake:1)
  6 two-headed ogres
  A naga warrior (Snake:3)
  A death yak (D:11)
  An occultist (D:15)
  A shock serpent (Snake:3)
  3 orc high priests (Orc:2)
  A soul eater (Orc:2)
  The ghost of poulshu the Spear-Bearer, a novice MiBe of Trog (D:8)
  2 skeletal warriors
  2 mana vipers (Snake:2)
  A salamander mystic (Snake:3)
  2 naga ritualists (Snake:2)
  A phantasmal warrior (D:13)
  An orc knight (Orc:2)
  2 deep elf pyromancers
  A lindwurm (D:13)
  A manticore (D:13)
  2 necromancers
  2 orc sorcerers (Orc:2)
  A salamander (Snake:1)
  An ugly thing (D:13)
  2 elephants
  A rust devil (Orc:2)
  5 naga magi
  8 black mambas
  2 cane toads
  Jeremiah (D:8)
  A kobold demonologist (D:14)
  A komodo dragon (Lair:5)
  An efreet (D:14)
  A freezing wraith (D:14)
  A troll (D:10)
  4 blink frogs
  An ettin zombie (Orc:1)
  An ettin skeleton (Orc:1)
  A centaur simulacrum (D:14)
  16 yaks
  2 basilisks
  3 wargs
  2 vampire mosquitoes (D:13)
  6 nagas
  6 water moccasins
  15 orc warriors
  A sky beast (D:6)
  2 ogres
  6 wolves
  2 centaurs (D:15)
  A kobold brigand (D:9)
  A gnoll sergeant (D:8)
  2 bullfrogs
  2 hornet simulacra (D:8)
  Dowan (D:6)
  4 killer bees (Lair:2)
  A hound (D:5)
  2 jellies
  8 orc priests
  4 hell rats (Lair:2)
  A sleepcap (D:5)
  An iguana (D:5)
  4 orc wizards
  An ogre zombie (Orc:1)
  An ogre skeleton (Orc:1)
  A gnoll (D:8)
  An ogre simulacrum (Orc:1)
  A river rat (D:11)
  A ribbon worm (D:3)
  32 orcs
  An orc simulacrum (Orc:1)
  45 boulders
250 creatures vanquished.

Vanquished Creatures (others)
  A bullfrog (Lair:2)
  A killer bee (Lair:2)
  An orc priest (Orc:2)
  34 knights
  43 boulders
  50 fulminant prisms
130 creatures vanquished.

Grand Total: 1050 creatures vanquished

Notes
Turn   | Place    | Note
-------+----------+-------------------------------------------
     0 | D:1      | babelphish the Gargoyle Earth Elementalist began the quest
                  | for the Orb.
     0 | D:1      | Reached XP level 1. HP: 10/10 MP: 3/3
   174 | D:1      | Reached XP level 2. HP: 15/15 MP: 5/5
   203 | D:1      | Reached skill level 4 in Earth Magic
   571 | D:2      | Reached XP level 3. HP: 19/19 MP: 6/6
   730 | D:2      | Reached XP level 4. HP: 15/24 MP: 7/7
   809 | D:2      | Found a hazy altar of Hepliaklqana.
   818 | D:2      | Reached skill level 5 in Earth Magic
   818 | D:2      | Became a worshipper of Hepliaklqana the Forgotten
  1582 | D:3      | Reached XP level 5. HP: 28/28 MP: 8/8
  1710 | D:3      | Reached * piety under Hepliaklqana
  1880 | D:3      | Reached skill level 6 in Earth Magic
  1881 | D:3      | Reached XP level 6. HP: 28/28 MP: 9/9
  2017 | D:3      | Found Qibas's Assorted Antiques.
  2788 | D:4      | Reached skill level 5 in Conjurations
  2954 | D:4      | Reached skill level 7 in Earth Magic
  2954 | D:4      | Reached XP level 7. HP: 32/32 MP: 10/10
  3417 | D:4      | Found a shimmering altar of Xom.
  3498 | D:5      | Entered Level 5 of the Dungeon
  3533 | D:4      | Learned a level 3 spell: Passwall
  3672 | D:5      | Reached ** piety under Hepliaklqana
  3673 | D:5      | Remembered your ancestor Ealamassi as a knight
  3688 | D:5      | Reached XP level 8. HP: 36/36 MP: 11/11
  3692 | D:5      | Reached skill level 5 in Shields
  3708 | D:5      | Found an ornate altar of the Wu Jian Council.
  3761 | D:5      | Identified the +8 short sword of Doom {flame, rN+ Str+5
                  | Int+3}
  3920 | D:5      | Found a transporter.
  3921 | D:5      | Noticed Strat's ghost (novice MfCj)
  3922 | D:5      | Found a transporter.
  3934 | D:5      | Learned a level 3 spell: Stone Arrow
  4118 | D:6      | Noticed Edmund
  4128 | D:6      | Killed Edmund
  4193 | D:6      | Noticed Dowan
  4195 | D:6      | Noticed Duvessa
  4278 | D:6      | Killed Duvessa
  4279 | D:6      | Reached skill level 5 in Stealth
  4280 | D:6      | Killed Dowan
  4657 | D:6      | Found a staircase to the Ecumenical Temple.
  4995 | D:6      | Reached skill level 1 in Armour
  5104 | D:6      | Reached *** piety under Hepliaklqana
  5188 | D:7      | Found Ituk's Antique Weapon Boutique.
  5563 | D:7      | Found a snail-covered altar of Cheibriados.
  5699 | D:7      | Reached XP level 9. HP: 40/40 MP: 12/12
  5703 | D:7      | Reached skill level 1 in Short Blades
  6230 | D:8      | Reached skill level 1 in Fighting
  6277 | D:8      | You fall into a shaft and drop 1 floor!
  6301 | D:9      | Noticed Erica
  6309 | D:9      | Killed Erica
  6315 | D:9      | Noticed an ice statue
  6390 | D:8      | Reached skill level 5 in Fighting
  6392 | D:8      | Noticed Jeremiah
  6410 | D:8      | Killed Jeremiah
  6411 | D:8      | Reached XP level 10. HP: 52/54 MP: 0/13
  6552 | D:8      | Found a runed translucent gate.
  6555 | D:8      | Found a runed translucent gate.
  6556 | D:8      | Found a runed translucent gate.
  6975 | D:8      | Reached skill level 8 in Earth Magic
  6994 | D:8      | Reached **** piety under Hepliaklqana
  7175 | D:8      | Found an opulent altar of Gozag.
  7402 | D:8      | Noticed poulshu's ghost (novice MiBe)
  7584 | D:9      | Noticed Harold
  7600 | D:9      | Killed Harold
  7601 | D:9      | Reached skill level 5 in Spellcasting
  8087 | D:9      | Learned a level 4 spell: Brom's Barrelling Boulder
  8179 | D:9      | Noticed Grum
  8201 | D:9      | Reached XP level 11. HP: 52/59 MP: 9/19
  8201 | D:9      | Killed Grum
  8390 | D:9      | Found a shimmering blue altar of Sif Muna.
  8405 | D:9      | Noticed a manticore
  8553 | D:9      | Reached skill level 9 in Earth Magic
  8651 | D:9      | Found a basalt altar of Yredelemnul.
  8672 | D:9      | Noticed a two-headed ogre
  8683 | D:9      | Killed a two-headed ogre
  8684 | D:9      | Reached skill level 10 in Earth Magic
  8772 | D:9      | Found a runed translucent door.
  8772 | D:9      | Noticed MiniGinger's ghost (novice DrSh)
  8817 | D:9      | Killed a manticore
  8918 | D:9      | Found a staircase to the Orcish Mines.
  9846 | D:10     | Entered Level 10 of the Dungeon
  9862 | D:10     | Noticed a two-headed ogre
  9868 | D:10     | Killed a two-headed ogre
  9949 | D:10     | Found a shadowy altar of Dithmenos.
 10184 | D:10     | Reached skill level 5 in Armour
 10817 | D:11     | Noticed a cyclops
 11123 | D:11     | Noticed a two-headed ogre
 11130 | D:11     | Killed a two-headed ogre
 11131 | D:11     | Reached XP level 12. HP: 58/63 MP: 21/21
 11176 | D:11     | Identified the +8 long sword of Famine {freeze, Will+++
                  | Int-2}
 11463 | D:11     | Noticed a death yak
 11464 | D:11     | Noticed a death yak
 11481 | D:11     | Noticed a death yak
 11533 | D:11     | Killed a death yak
 11558 | D:11     | Killed a death yak
 11622 | D:11     | Killed a death yak
 11789 | D:11     | Found a staircase to the Lair.
 11929 | Lair:1   | Entered Level 1 of the Lair of Beasts
 12263 | Lair:1   | Learned a level 4 spell: Petrify
 12332 | Lair:1   | Found a transporter.
 12332 | Lair:1   | Noticed RancidPinata's ghost (journeyman OpDe)
 12336 | Lair:1   | Found a transporter.
 12345 | Lair:1   | Reached skill level 1 in Alchemy
 12401 | Lair:1   | Reached ***** piety under Hepliaklqana
 13113 | D:5      | Killed Strat's ghost
 13390 | Lair:2   | Reached skill level 5 in Alchemy
 13507 | Lair:2   | Reached skill level 5 in Short Blades
 13525 | Lair:2   | Found a staircase to the Shoals.
 13641 | Lair:2   | Reached XP level 13. HP: 49/70 MP: 7/22
 14068 | Lair:2   | Reached skill level 1 in Invocations
 14703 | Lair:2   | Reached skill level 5 in Invocations
 15737 | Lair:2   | Identified the +1 robe "Wipialah" {rN++ MP-9}
 16296 | Lair:3   | Found a staircase to the Snake Pit.
 16900 | Lair:4   | Learned a level 4 spell: Fulminant Prism
 17362 | Lair:4   | Gained mutation: Your large and strong wings let you fly.
                  | [Gargoyle growth]
 17362 | Lair:4   | Reached XP level 14. HP: 39/77 MP: 23/23
 17388 | Lair:4   | Reached skill level 11 in Earth Magic
 17549 | Lair:4   | Found a staircase to the Slime Pits.
 18125 | Lair:5   | Entered Level 5 of the Lair of Beasts
 18644 | Lair:5   | Reached skill level 10 in Conjurations
 20009 | Lair:5   | Reached skill level 10 in Stealth
 20836 | Lair:5   | Identified the +2 long sword "Mepix" {venom, rC+ Stlth+}
 21618 | D:12     | Noticed Kirke
 21919 | D:12     | Killed Kirke
 21920 | D:12     | Reached XP level 15. HP: 81/81 MP: 19/25
 22502 | D:13     | Reached skill level 10 in Fighting
 22513 | D:13     | Noticed Erolcha
 22804 | D:13     | Killed Erolcha
 23495 | D:13     | Found a gate to the Vaults.
 23821 | D:12     | Learned a level 5 spell: Irradiate
 24348 | D:14     | Found a broken altar of Ashenzari.
 24576 | D:14     | Reached skill level 5 in Dodging
 25201 | D:14     | Noticed Roxanne
 25731 | D:14     | Killed Roxanne
 25878 | D:15     | Entered Level 15 of the Dungeon
 25941 | D:15     | Found a staircase to the Depths.
 25944 | D:15     | Reached skill level 12 in Earth Magic
 26109 | D:15     | Reached ****** piety under Hepliaklqana
 26972 | D:15     | Found a shimmering altar of Xom.
 26972 | D:15     | Found a shimmering altar of Xom.
 26989 | D:15     | Found a shimmering altar of Xom.
 27320 | D:15     | Found a shimmering altar of Xom.
 27321 | D:15     | Found a shimmering altar of Xom.
 27492 | D:15     | Reached XP level 16. HP: 89/89 MP: 26/26
 27692 | D:15     | Found a staircase to the Depths.
 27799 | D:15     | Found a shimmering altar of Xom.
 27799 | D:15     | Found a shimmering altar of Xom.
 27800 | D:15     | Found a shimmering altar of Xom.
 27801 | D:15     | Found a shimmering altar of Xom.
 27801 | D:15     | Found a shimmering altar of Xom.
 28370 | D:8      | Found a runed translucent gate.
 28372 | D:8      | Found a runed translucent gate.
 28373 | D:8      | Found a runed translucent gate.
 28393 | D:8      | Killed poulshu's ghost
 28897 | D:8      | Found an opulent altar of Gozag.
 29058 | D:9      | Killed MiniGinger's ghost
 29431 | D:3      | Bought a scroll labelled NICZOSH NYANOR for 30 gold pieces
 29546 | Orc:1    | Entered Level 1 of the Orcish Mines
 30172 | Orc:1    | Found a runed translucent gate.
 30172 | Orc:1    | Found a runed translucent gate.
 30172 | Orc:1    | Found a runed translucent gate.
 30172 | Orc:1    | Noticed mkat's ghost (journeyman GnBe)
 30192 | Orc:1    | Killed mkat's ghost
 30876 | Orc:2    | Entered Level 2 of the Orcish Mines
 30884 | Orc:2    | Found Ausairel's Alliterative Armaments.
 31528 | Orc:2    | Reached skill level 13 in Earth Magic
 31599 | Orc:2    | Found Cecukois's Magic Scroll Shop.
 31613 | Orc:2    | Found Hiraufif's Distillery.
 31929 | Orc:2    | Bought a scroll of identify for 26 gold pieces
 32275 | Orc:2    | Found a staircase to the Elven Halls.
 32371 | Orc:2    | Reached skill level 14 in Earth Magic
 32921 | Orc:2    | Found Xeur's Antique Weapon Shoppe.
 32921 | Orc:2    | Found a one-way gate leading to the halls of Pandemonium.
 32921 | Orc:2    | Found Gaileq's Jewellery Emporium.
 33144 | Snake:1  | Entered Level 1 of the Snake Pit
 33446 | Snake:1  | Identified the +1 scale mail "Sul Xije" {rC+ rCorr Dex+3}
 34386 | Snake:2  | Reached skill level 1 in Long Blades
 35473 | Snake:3  | Noticed Louise
 35767 | Snake:3  | Killed Louise
 35881 | Snake:3  | Reached XP level 17. HP: 89/92 MP: 4/30
 36333 | Snake:3  | Reached skill level 10 in Shields
 36752 | Snake:3  | Shot with an arrow by a naga sharpshooter

Illustrated notes

Levels and vault maps discovered:
D:1:      orjb1_lava_funnel, layout_rooms, minivault_14
D:2:      layout_loops_ring, basic_altar
D:3:      layout_loops_corners, serial_shops, nicolae_shop_hallway_stairs
D:4:      layout_loops_ring, marbit_many_paths
D:5:      layout_rooms, nicolae_wu_jian_wuxing_cycle, gammafunk_ghost_smash,
          nicolae_tricolors
D:6:      layout_rooms, temple_hall, kennysheep_diamond, uniq_duvessa,
          uniq_edmund
D:7:      layout_loops_corners, kennysheep_mini, serial_shops,
          nicolae_shop_statue_plus
D:8:      layout_loops_ring, grunt_gozag_breadcrumbs, special_room
          [special_room_orc], gammafunk_ghost_icy, uniq_jeremiah
D:9:      layout_stronghold, mainiacjoe_overflow_concentric_impassable,
          yredelemnul_forgotten_temple_becter,
          kennysheep_orc_monster_closet_entryway, serial_ice, serial_ice_k,
          serial_ice_b, serial_ice_c, serial_ice_m, gammafunk_ghost_grave,
          minmay_statue_bubble, uniq_grum, uniq_harold, uniq_erica
D:10:     layout_loops_ring, lemuel_tele_altar
D:11:     layout_roguey, dpeg_lair_monsters
D:12:     layout_roguey, uniq_kirke
D:13:     layout_basic, david_vaults_4, uniq_erolcha
D:14:     nooodl_glass_maze, layout_basic, ashenzari_conservatory_becter,
          uniq_roxanne
D:15:     hangedman_depths_entry_civil_slaughter, layout_long_grid,
          xom_shifter_show
Lair:1:   layout_chaotic_city, gammafunk_ghost_arena, infiniplex_staircase_pool
Lair:2:   regret_index_bee_streams, layout_gridlike, elwin_shoals_entry_stream,
          gauntlet_entry_generic, beast_lair_carwin_8,
          infiniplex_staircase_pool_2
Lair:3:   layout_concentric_octagons, nicolae_snake_entry_warm_welcome
Lair:4:   layout_roguey, slime_entry_2, lemuel_fruit_tree
Lair:5:   grunt_lair_end_beastmaster, layout_gridlike, minmay_shattered_shrine,
          serial_bayou_shore_a
Snake:1:  layout_onion_interference
Snake:2:  layout_onion, grunt_megastairs_1
Snake:3:  nicolae_cobra_stairs, layout_chambers, nicolae_custom_books,
          grunt_megastairs_4, uniq_louise
Orc:1:    dreamdust_under_siege, layout_diamond_mine, ebering_ghost_rock_garden,
          uniq_jorgrun
Orc:2:    pf_orc_diabolical, layout_diamond_mine, basic_altar,
          monkooky_shop_alliterative

Skill      XL: |  1  2  3  4  5  6  7  8  9 10 11 12 13 14 15 16 17 |
---------------+----------------------------------------------------+-----
Earth Magic    | 4 5 6 7 8 10 11 12 14 | 14.2
Conjurations   | 2 3 4 5 8 9 10 11 12 | 12.3
Shields        | 4 5 6 8 9 10 | 10.7
Stealth        | 7 9 12 | 12.7
Armour         | 3 4 7 9 |  9.5
Short Blades   | 4 6 7 |  7.6
Fighting       | 6 7 9 10 | 10.6
Spellcasting   | 5 6 7 9 |  9.3
Dodging        | 3 5 |  5.0
Alchemy        | 5 6 7 |  7.2
Invocations    | 8 |  8.2
Long Blades    | 3 |  3.2

Action                     |  1- 3 |  4- 6 |  7- 9 | 10-12 | 13-15 | 16-18 || total
---------------------------+-------+-------+-------+-------+-------+-------++-------
  Melee: Unarmed           |     4 |       |       |       |       |       ||     4
         Short sword       |       |     5 |    19 |   130 |   447 |    84 ||   685
         Long sword        |       |       |       |       |    59 |   124 ||   183
   Cast: Sandblast         |    34 |    98 |    97 |   133 |   145 |       ||   507
         Stone Arrow       |       |       |    30 |   129 |   279 |   163 ||   601
         Brom's Barrelling |       |       |       |    30 |    62 |    26 ||   118
         Petrify           |       |       |       |    10 |   109 |    43 ||   162
         Fulminant Prism   |       |       |       |       |     3 |    50 ||    53
         Irradiate         |       |       |       |       |       |     1 ||     1
 Invoke: Ancestor Identity |       |     1 |       |       |       |       ||     1
         Recall Ancestor   |       |       |     3 |     1 |     2 |     2 ||     8
         Ancestor Life: Kn |       |       |     1 |       |       |       ||     1
         Transference      |       |       |       |     1 |     1 |     1 ||     3
         Idealise          |       |       |       |       |     1 |     1 ||     2
  Evoke: Phial of floods   |       |       |       |       |     1 |     1 ||     2
         Box of beasts     |       |       |       |       |       |     2 ||     2
         Wand              |       |       |       |       |       |     1 ||     1
    Use: Potion            |       |       |     1 |     1 |     9 |     5 ||    16
         Scroll            |       |       |     8 |     7 |    14 |    10 ||    39
   Stab: Sleeping          |       |       |     3 |     2 |     7 |     6 ||    18
         Petrified         |       |       |       |     8 |   114 |    28 ||   150
         Petrifying        |       |       |       |     2 |    19 |     3 ||    24
         Distracted        |       |       |       |     1 |     1 |     3 ||     5
 Armour: Robe              |     9 |       |       |       |       |       ||     9
         Leather armour    |     2 |    25 |    37 |    79 |       |       ||   143
         Troll leather arm |       |       |       |    14 |       |       ||    14
         Acid dragon scale |       |       |       |    96 |   568 |   199 ||   863
         Scale mail        |       |       |       |       |       |    80 ||    80
  Dodge: Dodged            |    15 |    14 |    42 |   146 |   482 |   226 ||   925
  Block: Buckler           |       |     3 |     8 |    46 |   176 |    86 ||   319
